DBL
BOSTON RED SOX @ NEW YORK YANKEES
05/31/1997
 
TOP OF THE 1ST
Boston Red Sox batting - Pitching for New York Yankees : LHP Greg Hibbard
Pitching: LHP Greg Hibbard
Batting: RHB Edgar Renteria 0-0: Ball
1-0: Called Strike
1-1: Foul Ball, location: 2F
1-2: Ground out 6-3 (Groundball, 6, EV 89.4 MPH)
Batting: RHB Scott Fletcher 0-0: Fly out, F8 (Flyball, 8RM, EV 95.6 MPH)
Batting: LHB Barry Bonds 0-0: Called Strike
0-1: Ball
1-1: Foul Ball, location: 2F
1-2: Foul Ball, location: 2F
1-2: Fly out, F8 (Flyball, 78D, EV 98.1 MPH)
Top of the 1st over - 0 runs, 0 hits, 0 errors, 0 left on base; Boston 0 - New York 0
BOTTOM OF THE 1ST
New York Yankees batting - Pitching for Boston Red Sox : RHP Eric Plunk
Pitching: RHP Eric Plunk
Batting: RHB Orlando Cabrera 0-0: TRIPLE (Line Drive, 89XD, EV 98.8 MPH)
Batting: LHB Bobby Abreu 0-0: Ball
1-0: Called Strike
1-1: Foul Ball, location: 2F
1-2: Foul Ball, location: 2F
1-2: Strikes out swinging
Batting: RHB Mike Lieberthal 0-0: Foul Ball, location: 2F
0-1: Ball
1-1: Ball
2-1: Ball
3-1: Foul Ball, location: 2F
3-2: Fly out, F9 (Flyball, 9, EV 85.0 MPH)
Runner from 3rd tags up, OUT at HOME! 9-2
Bottom of the 1st over - 0 runs, 1 hit, 0 errors, 0 left on base; Boston 0 - New York 0
TOP OF THE 2ND
Boston Red Sox batting - Pitching for New York Yankees : LHP Greg Hibbard
Batting: RHB Danny Tartabull 0-0: Foul Ball, location: 2F
0-1: Swinging Strike
0-2: Foul Ball, location: 2F
0-2: Strikes out looking
Batting: RHB Akira Eto 0-0: Called Strike
0-1: Foul Ball, location: 2F
0-2: Ball
1-2: SINGLE (Line Drive, 9S, EV 106.3 MPH)
Batting: LHB David Ortiz 0-0: Ball
1-0: Ball
2-0: Foul Ball, location: 2F
2-1: Ball
3-1: Base on Balls
Akira Eto to second
Batting: SHB Joey Cora 0-0: Fielders Choice at 2nd, 5-4 (Groundball, 5, EV 98.8 MPH)
Akira Eto to third
Batting: RHB Mike Cameron 0-0: Fly out, F7 (Flyball, 7D, EV 103.8 MPH)
Top of the 2nd over - 0 runs, 1 hit, 0 errors, 2 left on base; Boston 0 - New York 0
BOTTOM OF THE 2ND
New York Yankees batting - Pitching for Boston Red Sox : RHP Eric Plunk
Batting: RHB Kazuhiro Kiyohara 0-0: Swinging Strike
0-1: Called Strike
0-2: Ball
1-2: Ball
2-2: Foul Ball, location: 2F
2-2: Foul Ball, location: 2F
2-2: Ball
3-2: Foul Ball, location: 2F
3-2: Base on Balls
Batting: RHB Travis Fryman 0-0: Called Strike
0-1: Called Strike
0-2: Ball
1-2: Ball
2-2: Foul Ball, location: 2F
2-2: Foul Ball, location: 2F
2-2: Foul Ball, location: 2F
2-2: Foul Ball, location: 2F
2-2: Ball
3-2: Strikes out swinging
Batting: RHB Ryan Thompson 0-0: Ball
1-0: Swinging Strike
1-1: Called Strike
1-2: Strikes out swinging
Batting: RHB Mike Gallego 0-0: Ball
1-0: Called Strike
1-1: Foul Ball, location: 2F
1-2: Strikes out swinging
Bottom of the 2nd over - 0 runs, 0 hits, 0 errors, 1 left on base; Boston 0 - New York 0
TOP OF THE 3RD
Boston Red Sox batting - Pitching for New York Yankees : LHP Greg Hibbard
Batting: RHB Todd Greene 0-0: Swinging Strike
0-1: Fly out, F8 (Line Drive, 8LM, EV 102.5 MPH)
Batting: RHB Edgar Renteria 0-0: Foul Ball, location: 2F
0-1: Ball
1-1: SINGLE (Line Drive, 4D, EV 106.3 MPH)
Batting: RHB Scott Fletcher 0-0: Ball
Edgar Renteria is caught stealing 2nd base 2-4
1-0: Called Strike
1-1: Ball
2-1: Foul Ball, location: 2F
2-2: Foul Ball, location: 2F
2-2: Foul Ball, location: 2F
2-2: Foul Ball, location: 2F
2-2: Ball
3-2: Foul Ball, location: 2F
3-2: SINGLE (Groundball, 56D, EV 108.1 MPH)
Batting: LHB Barry Bonds 0-0: Ball
1-0: Ball
2-0: Swinging Strike
2-1: Ball
3-1: Swinging Strike
3-2: Ground out 5-3 (Groundball, 56S, EV 95.0 MPH)
Top of the 3rd over - 0 runs, 2 hits, 0 errors, 1 left on base; Boston 0 - New York 0
BOTTOM OF THE 3RD
New York Yankees batting - Pitching for Boston Red Sox : RHP Eric Plunk
Batting: SHB Quinton McCracken 0-0: Called Strike
0-1: Fly out, F8 (Line Drive, 8LD, EV 91.9 MPH)
Batting: RHB Darren Lewis 0-0: Ball
1-0: Ball
2-0: Ball
3-0: Base on Balls
Batting: RHB Orlando Cabrera 0-0: Ball
1-0: Called Strike
1-1: Called Strike
1-2: Fly out, F6 (Popup, 6MS, EV 63.8 MPH)
Batting: LHB Bobby Abreu 0-0: Called Strike
Darren Lewis steals 2nd base
0-1: Ball
1-1: Ball
2-1: Swinging Strike
2-2: Ball
3-2: Foul Ball, location: 2F
3-2: Ground out 3-1 (Groundball, 34, EV 83.8 MPH)
Bottom of the 3rd over - 0 runs, 0 hits, 0 errors, 1 left on base; Boston 0 - New York 0
TOP OF THE 4TH
Boston Red Sox batting - Pitching for New York Yankees : LHP Greg Hibbard
Batting: RHB Danny Tartabull 0-0: Swinging Strike
0-1: Ball
1-1: Ball
2-1: SINGLE (Flyball, 9LS, EV 90.0 MPH)
Batting: RHB Akira Eto 0-0: Bunted foul
0-1: Ball
1-1: Bunt missed!
1-2: Foul Ball, location: 2F
1-2: Ball
2-2: Ball
3-2: Foul Ball, location: 2F
3-2: Foul Ball, location: 2F
3-2: Foul Ball, location: 2F
3-2: Ground out 5-3 (Groundball, 5S, EV 82.5 MPH)
Danny Tartabull to second
Batting: LHB David Ortiz 0-0: Ball
1-0: Ground out 6-3 (Groundball, 56D, EV 101.3 MPH)
Batting: SHB Joey Cora 0-0: Called Strike
0-1: Ball
1-1: Swinging Strike
1-2: Ground out 1-3 (Groundball, 25, EV 90.0 MPH)
Top of the 4th over - 0 runs, 1 hit, 0 errors, 1 left on base; Boston 0 - New York 0
BOTTOM OF THE 4TH
New York Yankees batting - Pitching for Boston Red Sox : RHP Eric Plunk
Batting: RHB Mike Lieberthal 0-0: Called Strike
0-1: Bunted foul
0-2: Ball
1-2: Foul Ball, location: 2F
1-2: Ball
2-2: Ball
3-2: Base on Balls
Batting: RHB Kazuhiro Kiyohara 0-0: Bunt missed!
0-1: Sac Bunt to 5S - play at first, batter OUT! 5-4
Mike Lieberthal to second
Batting: RHB Travis Fryman 0-0: Called Strike
0-1: Ball
1-1: Fly out, F9 (Flyball, 9D, EV 106.3 MPH)
Runner from 2nd tags up, SAFE at 3rd, no throw by RF
Batting: RHB Ryan Thompson 0-0: Called Strike
0-1: Fly out, F8 (Flyball, 8RM, EV 94.4 MPH)
Bottom of the 4th over - 0 runs, 0 hits, 0 errors, 1 left on base; Boston 0 - New York 0
TOP OF THE 5TH
Boston Red Sox batting - Pitching for New York Yankees : LHP Greg Hibbard
Batting: RHB Mike Cameron 0-0: Ball
1-0: Ground out 5-3 (Groundball, 56S, EV 85.6 MPH)
Batting: RHB Todd Greene 0-0: Fly out, F4 (Popup, 4S, EV 79.4 MPH)
Batting: RHB Edgar Renteria 0-0: Ball
1-0: Swinging Strike
1-1: Swinging Strike
1-2: Fly out, F7 (Flyball, 78S, EV 71.3 MPH)
Top of the 5th over - 0 runs, 0 hits, 0 errors, 0 left on base; Boston 0 - New York 0
BOTTOM OF THE 5TH
New York Yankees batting - Pitching for Boston Red Sox : RHP Eric Plunk
Batting: RHB Mike Gallego 0-0: Called Strike
0-1: Ground out 5-3 (Groundball, 56, EV 83.1 MPH)
Batting: SHB Quinton McCracken 0-0: Ball
1-0: Swinging Strike
1-1: Reached via error on a dropped throw from 3B, E3 (Groundball, 56S, EV 93.8 MPH)
Batting: RHB Darren Lewis 0-0: Ball
1-0: Called Strike
1-1: Fielders Choice at 2nd, 1-4 (Groundball, 15, EV 80.0 MPH)
Batting: RHB Orlando Cabrera 0-0: Ground out 1-3 (Groundball, P, EV 70.6 MPH)
Bottom of the 5th over - 0 runs, 0 hits, 1 error, 1 left on base; Boston 0 - New York 0
TOP OF THE 6TH
Boston Red Sox batting - Pitching for New York Yankees : LHP Greg Hibbard
Batting: RHB Scott Fletcher 0-0: Ground out 5-3 (Groundball, 56, EV 106.9 MPH)
Batting: LHB Barry Bonds 0-0: Foul Ball, location: 2F
0-1: Foul Ball, location: 2F
0-2: Ball
1-2: Fly out, F7 (Line Drive, 7, EV 96.3 MPH)
Batting: RHB Danny Tartabull 0-0: Called Strike
0-1: Ball
1-1: Ball
2-1: Foul Ball, location: 2F
2-2: Strikes out swinging
Top of the 6th over - 0 runs, 0 hits, 0 errors, 0 left on base; Boston 0 - New York 0
BOTTOM OF THE 6TH
New York Yankees batting - Pitching for Boston Red Sox : RHP Eric Plunk
Batting: LHB Bobby Abreu 0-0: Called Strike
0-1: Ball
1-1: Swinging Strike
1-2: Ball
2-2: Strikes out looking
Batting: RHB Mike Lieberthal 0-0: Ball
1-0: Foul Ball, location: 2F
1-1: Fly out, F7 (Line Drive, 7, EV 91.3 MPH)
Batting: RHB Kazuhiro Kiyohara 0-0: SOLO HOME RUN (Flyball, 8LXD, EV 105.0 MPH), Distance : 426 ft
Batting: RHB Travis Fryman 0-0: Called Strike
0-1: Called Strike
0-2: Ball
1-2: Strikes out swinging
Bottom of the 6th over - 1 run, 1 hit, 0 errors, 0 left on base; Boston 0 - New York 1
TOP OF THE 7TH
Boston Red Sox batting - Pitching for New York Yankees : LHP Greg Hibbard
Batting: RHB Akira Eto 0-0: Ball
1-0: Called Strike
1-1: Foul Ball, location: 2F
1-2: Ground out 1-3 (Groundball, P, EV 78.8 MPH)
Batting: LHB David Ortiz 0-0: Ball
1-0: Fly out, F9 (Line Drive, 9D, EV 104.4 MPH)
Batting: SHB Joey Cora 0-0: Called Strike
0-1: SINGLE (Line Drive, 4MD, EV 106.9 MPH)
Batting: RHB Mike Cameron 0-0: Ball
1-0: Ball
2-0: Foul Ball, location: 2F
2-1: DOUBLE (Flyball, 7LD, EV 105.6 MPH)
Joey Cora to third
Runner from 3rd tries for Home, SAFE, no throw by LF
Batting: RHB Todd Greene 0-0: Fly out, F9 (Flyball, 9, EV 83.8 MPH)
Top of the 7th over - 1 run, 2 hits, 0 errors, 1 left on base; Boston 1 - New York 1
BOTTOM OF THE 7TH
New York Yankees batting - Pitching for Boston Red Sox : RHP Eric Plunk
Batting: RHB Ryan Thompson 0-0: Ball
1-0: Ground out 6-3 (Groundball, 6, EV 86.9 MPH)
Batting: RHB Mike Gallego 0-0: Ball
1-0: Ball
2-0: Called Strike
2-1: Ball
3-1: Ground out 6-3 (Groundball, 6S, EV 93.1 MPH)
Batting: SHB Quinton McCracken 0-0: Reached on error, E6 (Groundball, 6, EV 106.9 MPH)
Batting: RHB Darren Lewis 0-0: Ball
1-0: Fly out, F8 (Line Drive, 8RD, EV 96.9 MPH)
Bottom of the 7th over - 0 runs, 0 hits, 1 error, 1 left on base; Boston 1 - New York 1
TOP OF THE 8TH
Boston Red Sox batting - Pitching for New York Yankees : LHP Greg Hibbard
Pitching: RHP Jose Mesa
Batting: RHB Edgar Renteria 0-0: DOUBLE (Line Drive, 7LS, EV 97.5 MPH)
Batting: RHB Scott Fletcher 0-0: Ball
Edgar Renteria steals 3rd base
1-0: Ball
2-0: Ball
3-0: Base on Balls
Batting: LHB Barry Bonds 0-0: Foul Ball, location: 2F
0-1: Ball
1-1: Fly out, F6 (Popup, 6S, EV 77.5 MPH)
Batting: RHB Danny Tartabull 0-0: Ball
1-0: Called Strike
1-1: Ball
2-1: Swinging Strike
2-2: Strikes out swinging
Batting: RHB Akira Eto 0-0: Ball
1-0: Foul Ball, location: 2F
1-1: Ball
2-1: Foul Ball, location: 2F
2-2: SINGLE (Groundball, 6MD, EV 95.0 MPH)
Edgar Renteria scores
Scott Fletcher to second
Batting: LHB David Ortiz 0-0: Ball
1-0: Called Strike
1-1: Ball
2-1: Swinging Strike
2-2: Strikes out swinging
Top of the 8th over - 1 run, 2 hits, 0 errors, 2 left on base; Boston 2 - New York 1
BOTTOM OF THE 8TH
New York Yankees batting - Pitching for Boston Red Sox : RHP Eric Plunk
Pitching: RHP Roberto Hernandez
Batting: RHB Orlando Cabrera 0-0: Ball
1-0: Called Strike
1-1: Ground out 6-3 (Groundball, 56S, EV 65.6 MPH)
Batting: LHB Bobby Abreu 0-0: Called Strike
0-1: Fly out, F8 (Flyball, 8LXD, EV 93.1 MPH)
Batting: RHB Mike Lieberthal 0-0: Ball
1-0: Ball
2-0: Ball
3-0: Called Strike
3-1: SINGLE (Flyball, 9LS, EV 82.5 MPH)
Batting: RHB Kazuhiro Kiyohara 0-0: Foul Ball, location: 2F
0-1: Foul Ball, location: 2F
0-2: Ball
1-2: Strikes out swinging
Bottom of the 8th over - 0 runs, 1 hit, 0 errors, 1 left on base; Boston 2 - New York 1
TOP OF THE 9TH
Boston Red Sox batting - Pitching for New York Yankees : RHP Jose Mesa
Batting: SHB Joey Cora 0-0: Ball
1-0: Called Strike
1-1: Called Strike
1-2: Ball
2-2: Ground out U3 (Groundball, 34, EV 91.3 MPH)
Batting: RHB Mike Cameron 0-0: Foul Ball, location: 2F
0-1: Ball
1-1: Called Strike
1-2: Ball
2-2: Strikes out swinging
Batting: RHB Todd Greene 0-0: Ground out 5-3 (Groundball, 56S, EV 61.3 MPH)
Top of the 9th over - 0 runs, 0 hits, 0 errors, 0 left on base; Boston 2 - New York 1
BOTTOM OF THE 9TH
New York Yankees batting - Pitching for Boston Red Sox : RHP Roberto Hernandez
Batting: RHB Travis Fryman 0-0: Ball
1-0: Ball
2-0: Ball
3-0: Foul Ball, location: 2F
3-1: Ground out 4-3 (Groundball, 34, EV 82.5 MPH)
Batting: RHB Ryan Thompson 0-0: Fly out, F8 (Line Drive, 8LD, EV 95.0 MPH)
Batting: RHB Mike Gallego 0-0: Foul Ball, location: 2F
0-1: SINGLE (Groundball, 5D, EV 96.9 MPH)
Batting: SHB Quinton McCracken 0-0: Swinging Strike
0-1: Ground out 6-3 (Groundball, 6M, EV 82.5 MPH)
Bottom of the 9th over - 0 runs, 1 hit, 0 errors, 1 left on base; Boston 2 - New York 1
Tuesday, February 17th, 2026 - OOTP Baseball 20.8 Build 74